 Seeded DCSS version 0.30-a0-830-gfe289a77b0 (webtiles) character file.

Game seed: 10962520627805071627 (custom seed)

4501 demibob the Carver (level 10, -2/91 HPs)
             Began as a Hill Orc Fighter on Feb 28, 2023.
             Was a Plaything of Xom.
             Killed from afar by an ice statue (10 damage)
             ... with a shard of ice
             ... on level 9 of the Dungeon.
             The game lasted 00:07:31 (6492 turns).

demibob the Carver (Hill Orc Fighter)               Turns: 6492, Time: 00:07:32

Health: -2/91      AC: 21    Str: 28      XL:     10   Next: 38%
Magic:  10/10      EV: 10    Int: 10 (11) God:    Xom [*.....]
Gold:   634        SH:  0    Dex: 10      Spells: 9/9 levels left

rFire   . . .      SeeInvis +    e - +11 plutonium sword {Contam Stlth-}
rCold   . . .      Faith    +    (shield currently unavailable)
rNeg    . . .      Spirit   .    b - +0 scale mail
rPois   .          Reflect  .    t - +1 helmet
rElec   .          Harm     .    x - +1 cloak
rCorr   .          Rampage  .    A - +0 pair of gloves
Will    .....      NoTele   +    f - +2 pair of boots "Poall" {-Tele Str+4 Slay+2} Stlth
                                 a - amulet of faith {!P}
HPRegen 0.35/turn                g - ring of Ykheoste {Int+3 SInv}
MPRegen 0.12/turn                T - +4 ring of protection

@: no status effects
A: deterioration 1
a: Renounce Religion


You were on level 9 of the Dungeon.
You worshipped Xom.
You were a special plaything of Xom.
You visited 2 branches of the dungeon, and saw 10 of its levels.

You collected 634 gold pieces.


Innate Abilities, Weirdness & Mutations

Your body sometimes deteriorates upon taking damage.


   Skills:
 - Level 9.0 Fighting
 + Level 10.2 Long Blades
 - Level 8.2 Armour
 - Level 8.2 Shields


You had 9 spell levels left.
You didn't know any spells.
Your spell library contained the following spells:

 Spells                   Type           Power      Damage    Failure   Level
 Sandblast                Erth           0%         2d4       58%         1
 Sting                    Tmut/Pois      0%         1d3       58%         1
 Passwall                 Tmut/Erth      0%         N/A       73%         2
 Poisonous Vapours        Pois/Air       0%         N/A       73%         2
 Stone Arrow              Conj/Erth      0%         3d7       91%         3
 Olgreb's Toxic Radiance  Pois           0%         N/A       100%        4
 Fireball                 Conj/Fire      0%         3d3       100%        5
 Iskenderun's Battlesphe  Conj           0%         2d6       100%        5
 Conjure Ball Lightning   Conj/Air       0%         3x3d6     100%        6
 Orb of Destruction       Conj           0%         9d5       100%        7
 Ozocubu's Refrigeration  Ice            0%         4d7       100%        7
 Ignition                 Fire           0%         3d3       100%        8

Inventory:

Hand Weapons
 e - the +11 plutonium sword (weapon) {Contam Stlth-}
   (You acquired it on level 1 of the Dungeon)

   Contam:    It causes magical contamination when unequipped.
   Stlth:     It makes you less stealthy.
Missiles
 p - 3 throwing nets {=f}
Armour
 b - a +0 scale mail (worn)
 f - the +2 pair of boots "Poall" (worn) {-Tele Str+4 Slay+2}
   (You acquired it on level 1 of the Dungeon)

   Str:       It affects your strength (+4).
   Slay:      It affects your accuracy & damage with ranged weapons and melee
   (+2).
   -Tele:     It prevents most forms of teleportation.
 t - a +1 helmet (worn)
 x - a +1 cloak (worn)
 A - a +0 pair of gloves (worn)
Magical Staves
 E - a staff of death {!a}
Jewellery
 a - an amulet of faith (around neck) {!P}
 g - the ring of Ykheoste (left hand) {Int+3 SInv}
   (You acquired it on level 1 of the Dungeon)

   [ring of see invisible]

   Int:       It affects your intelligence (+3).
   SInv:      It lets you see invisible.
 l - an amulet of the acrobat
 C - a ring of ice
 L - the ring of Odofil {Drain rF++ MP+9 EV+5 Dex+2}
   (You found it on level 8 of the Dungeon)

   [ring of evasion]

   EV:        It affects your evasion (+5).
   Dex:       It affects your dexterity (+2).
   rF:        It greatly protects you from fire.
   MP:        It affects your magic capacity (+9).
   Drain:     It drains your maximum health when unequipped.
 T - a +4 ring of protection (right hand)
Wands
 z - a wand of charming (26)
 I - a wand of light (5)
Scrolls
 i - 3 scrolls of enchant armour
 m - a scroll of poison
 n - a scroll of fog
 o - a scroll of amnesia
 r - 3 scrolls of fear
 y - 2 scrolls of teleportation {@r2}
Potions
 d - 2 potions of might
 j - 3 potions of invisibility
 k - a potion of haste {@q3}
 s - 2 potions of curing {@q1}
 u - a potion of ambrosia
 F - a potion of lignification
 G - 2 potions of brilliance
 J - a potion of attraction
 K - a potion of heal wounds {@q2}
 N - a potion of mutation
 O - a potion of degeneration

Dungeon Overview and Level Annotations

Branches:
Dungeon (9/15)             Temple (1/1) D:7
   Lair: D:8-11         Orc: D:9-12

Altars:
Cheibriados
Dithmenos
Hepliaklqana
Ru
Sif Muna
Uskayaw
Vehumet
Wu Jian
Xom

Shops:
D:7 :

Annotations:
D:7 1 runed translucent door, Ceno's ghost, novice NaVM
D:9 exclusion: ice statue

#............
#............
#...........#
#...........#
###...........###
#.......[........
#.....Y.8......#
#......@Y......#
#.......Y......#
#.............#
..............#
..............#
#.............#
#......!......#
##.######+#†#.#
#. #<#.#


You could see an ice statue, a yak (confused, misshapen) and 2 ice beasts.


Message History

You hear the faint creaking of a very distant portcullis.
The ice statue gestures at you. The shard of ice hits you!
* * * LOW HITPOINT WARNING * * *
The ice beast closely misses you.
You slash the ice statue!
The ice statue is lightly damaged.
The ice statue gestures.
The ice beast closely misses you.
You hit the ice statue.
The ice statue is lightly damaged.
The ice beast closely misses you.
The yak barely misses the ice beast.
The ice beast hits you.
* * * LOW HITPOINT WARNING * * *
The ice beast freezes you!
* * * LOW HITPOINT WARNING * * *
You slice the ice statue!!
The ice statue is heavily damaged.
The ice beast hits you but does no damage. x2
You completely miss the ice statue.
The ice statue is heavily damaged.
The ice beast closely misses you. The ice beast hits you.
* * * LOW HITPOINT WARNING * * *
The ice beast freezes you!
* * * LOW HITPOINT WARNING * * *
The ice beast hits you but does no damage.
The ice statue gestures at you. The shard of ice hits you!
You die...
Xom titters!

Skill      XL: |  1  2  3  4  5  6  7  8  9 10 |
---------------+-------------------------------+-----
Fighting       | 4 5 6 7 9 |  9.0
Long Blades    | 3 4 5 6 7 10 | 10.2
Armour         | 4 5 7 8 |  8.2
Shields        | 4 5 7 8 |  8.2

Action                     |  1- 3 |  4- 6 |  7- 9 | 10-12 || total
---------------------------+-------+-------+-------+-------++-------
  Melee: Triple sword      |    28 |   116 |   195 |    76 ||   415
         Long sword        |     3 |       |       |       ||     3
    Use: Scroll            |     3 |       |       |    18 ||    21
         Potion            |       |       |     5 |       ||     5
   Stab: Confused          |       |       |     2 |       ||     2
 Armour: Scale mail        |    17 |    67 |   103 |    56 ||   243
  Dodge: Dodged            |    20 |   108 |   140 |    62 ||   330

Levels and vault maps discovered:
D:1:      lemuel_arrival_room, layout_basic, serial_aquarium,
          aquarium_bridge_square [aquarium_subvault_bridge,
          aquarium_subvault_window, aquarium_subvault_window,
          aquarium_subvault_bridge], aquarium_window_1, aquarium_window_3,
          aquarium_window_double, aquarium_view_2f, aquarium_view_2d,
          aquarium_balcony_3b
D:2:      layout_loops_ring, basic_ecumenical_altar, minmay_circle_x
D:3:      layout_loops_ring, amcnicky_altar_gilded
D:4:      layout_loops_cross, kennysheep_generic_room_5, uniq_edmund
D:5:      layout_loops_ring
D:6:      layout_cave_pools
D:7:      layout_cave_pools, minmay_temple_entry_offerings, serial_shops, shop,
          hellmonk_ghost_happy_afterlife, hangedman_abyss_or_decor_stagger
D:8:      layout_basic, minmay_statues_item, uniq_maggie, uniq_joseph
D:9:      cheibrodos_grave_circle, layout_basic, enter_bailey_3,
          hangedman_decor_peaks_small, minivault_16
Temple:   nicolae_temple_bog_church

Notes
Turn   | Place    | Note
-------+----------+-------------------------------------------
     0 | D:1      | demibob the Hill Orc Fighter began the quest for the Orb.
     0 | D:1      | Reached XP level 1. HP: 19/19 MP: 1/1
    17 | D:1      | Identified 3 scrolls of acquirement
    17 | D:1      | Acquired the +2 pair of boots "Poall" {-Tele Str+4 Slay+2}
    18 | D:1      | Acquired the ring of Ykheoste {Int+3 SInv}
    19 | D:1      | Acquired the +11 plutonium sword {Contam Stlth-}
    19 | D:1      | Found the +11 plutonium sword {Contam Stlth-}
    61 | D:1      | Reached XP level 2. HP: 27/27 MP: 2/2
   623 | D:2      | Reached skill level 4 in Fighting
   623 | D:2      | Reached XP level 3. HP: 33/33 MP: 3/3
   669 | D:2      | Reached XP level 4. HP: 30/40 MP: 4/4
   725 | D:2      | Reached skill level 3 in Long Blades
   731 | D:2      | Reached skill level 4 in Armour
   740 | D:2      | Reached skill level 4 in Shields
  1028 | D:2      | Reached XP level 5. HP: 47/47 MP: 5/5
  1224 | D:2      | Found a faded altar of an unknown god.
  1546 | D:3      | Found a shadowy altar of Dithmenos.
  1631 | D:3      | Reached skill level 5 in Fighting
  1675 | D:3      | Reached XP level 6. HP: 56/56 MP: 6/6
  2012 | D:3      | Reached skill level 4 in Long Blades
  2272 | D:4      | Noticed Edmund
  2277 | D:4      | Killed Edmund
  2278 | D:4      | Reached skill level 5 in Armour
  2278 | D:4      | Reached skill level 5 in Shields
  2278 | D:4      | Reached XP level 7. HP: 43/62 MP: 7/7
  2519 | D:4      | Reached skill level 6 in Fighting
  2895 | D:5      | Entered Level 5 of the Dungeon
  2917 | D:5      | Reached skill level 5 in Long Blades
  3051 | D:5      | Reached XP level 8. HP: 59/71 MP: 8/8
  3123 | D:5      | Reached skill level 6 in Armour
  3123 | D:5      | Reached skill level 6 in Shields
  3343 | D:5      | Reached skill level 7 in Fighting
  3362 | D:5      | HP: 4/73 [orc priest/divine providence (15)]
  3946 | D:6      | Reached skill level 6 in Long Blades
  4268 | D:6      | Reached skill level 7 in Armour
  4268 | D:6      | Reached skill level 7 in Shields
  4268 | D:6      | Reached XP level 9. HP: 65/80 MP: 9/9
  4496 | D:7      | Found a runed translucent door.
  4496 | D:7      | Noticed Ceno's ghost (novice NaVM)
  4714 | D:7      | Reached skill level 8 in Fighting
  4814 | D:7      | Reached skill level 7 in Long Blades
  4915 | D:7      | Found a staircase to the Ecumenical Temple.
  4931 | Temple   | Entered the Ecumenical Temple
  4946 | Temple   | Became a worshipper of Xom the Chaotic
  5031 | D:7      | Found Yskemih's Book Emporium.
  5239 | D:8      | Noticed Maggie
  5243 | D:8      | XOM: confuse monster(s)
  5256 | D:8      | Killed Maggie
  5266 | D:8      | XOM: potion effect (invisibility)
  5390 | D:8      | Noticed Joseph
  5395 | D:8      | XOM: confuse monster(s)
  5402 | D:8      | Killed Joseph
  5403 | D:8      | Reached skill level 9 in Fighting
  5403 | D:8      | Reached skill level 8 in Armour
  5403 | D:8      | Reached skill level 8 in Shields
  5490 | D:8      | XOM: fog
  5500 | D:8      | Reached XP level 10. HP: 80/91 MP: 10/10
  5502 | D:8      | Reached skill level 8 in Long Blades
  5507 | D:8      | XOM: summons 1 hostile demon
  5635 | D:8      | Identified the ring of Odofil {Drain rF++ MP+9 EV+5 Dex+2}
  5656 | D:8      | XOM: give mutations
  5656 | D:8      | Gained mutation: Your body sometimes deteriorates upon
                  | taking damage. [Xom's mischief]
  5656 | D:8      | Gained mutation: You possess an exceptional clarity of
                  | mind. [Xom's mischief]
  5656 | D:8      | Lost mutation: You possess an exceptional clarity of mind.
                  | [Xom's mischief]
  5875 | D:8      | XOM: stat loss: -1 Dex (9/10)
  5957 | D:8      | XOM: summons 4 hostile demons
  6034 | D:8      | Reached skill level 9 in Long Blades
  6276 | D:8      | XOM: summons 6 hostile demons
  6473 | D:9      | a yak changed into a guardian serpent
  6473 | D:9      | Noticed a guardian serpent
  6473 | D:9      | XOM: polymorph yak -> guardian serpent
  6477 | D:9      | Killed a guardian serpent
  6478 | D:9      | Reached skill level 10 in Long Blades
  6478 | D:9      | XOM: swap monsters
  6482 | D:9      | Noticed an ice statue
  6492 | D:9      | HP: 8/91 [ice beast[an ice statue] (7)]
  6492 | D:9      | Killed from afar by an ice statue

Vanquished Creatures
  Joseph (D:8)
  A guardian serpent (D:9)
  Maggie (D:8)
  A shadow (D:8)
  A yak (D:9)
  A wyvern (D:8)
  A steam dragon (D:8)
  Edmund (D:4)
  A water moccasin (D:7)
  A black bear (D:4)
  4 ice beasts
  A sky beast (D:8)
  An orc warrior (D:7)
  An ogre (D:6)
  A kobold brigand (D:6)
  3 bullfrogs (D:8)
  3 scorpions
  3 necrophages
  6 killer bees (D:9)
  2 howler monkeys
  6 hounds
  4 jellies
  A gnoll bouda (D:5)
  5 orc priests
  5 iguanas
  6 orc wizards
  14 gnolls
  11 adders
  A shadow imp (D:6)
  An ufetubus (D:5)
  6 worms
  3 dart slugs
  22 orcs
  4 bats
  8 endoplasms
  3 giant cockroaches (D:2)
  4 goblins
  6 hobgoblins
  6 jackals
  5 quokkas
  6 ball pythons
  4 frilled lizards
  10 kobolds
  3 rats
179 creatures vanquished.

Table legend: (Time is in decaauts)
 A = Elapsed time spent in this place.
 B = Non-inter-level travel time spent in this place.
 C = Inter-level travel time spent in this place.
 D = Time resting spent in this place.
 E = Time spent auto-exploring this place.
 F = Levels seen in this place.
 G = Mean time per level.
                   A        B        C        D        E       F      G
               +--------+--------+--------+--------+--------+-----+--------+
         Total |   6698 |   6463 |    235 |    160 |   5102 |  10 |  669.8 |
       Dungeon |   6659 |   6437 |    222 |    160 |   5099 |   9 |  739.9 |
        Temple |     38 |     26 |     12 |      0 |      3 |   1 |   38.0 |
               +--------+--------+--------+--------+--------+-----+--------+

Top non-repeatable levels by time:
     D:8: 1267 daAuts
     D:5: 1020 daAuts
     D:2: 898 daAuts
     D:4: 829 daAuts
     D:7: 699 daAuts
     D:3: 642 daAuts
     D:1: 625 daAuts
     D:6: 622 daAuts
     D:9: 55 daAuts
  Temple: 38 daAuts

Table legend:
 A = Non-vault XP
 B = Vault XP
 C = Vault XP percentage of total XP
 D = Non-vault monster count
 E = Vault monster count
 F = Vault count percentage of total count
                 A         B        C        D         E       F
            +---------+---------+-------+---------+---------+-------
      Total |    5387 |    1044 |  16.2 |     168 |      11 |   6.1
            +---------+---------+-------+---------+---------+-------
        D:1 |      23 |       0 |   0.0 |      12 |       0 |   0.0
        D:2 |     195 |       9 |   4.4 |      30 |       5 |  14.3
        D:3 |     236 |       0 |   0.0 |      28 |       0 |   0.0
        D:4 |     321 |     177 |  35.5 |      15 |       4 |  21.1
        D:5 |     977 |       0 |   0.0 |      30 |       0 |   0.0
        D:6 |     655 |       0 |   0.0 |      16 |       0 |   0.0
        D:7 |     745 |       0 |   0.0 |      12 |       0 |   0.0
        D:8 |    1201 |     858 |  41.7 |      17 |       2 |  10.5
        D:9 |    1034 |       0 |   0.0 |       8 |       0 |   0.0
            +---------+---------+-------+---------+---------+-------
